 Dungeon Crawl Stone Soup version 0.23.2-33-g5129a83184 (webtiles) character file.

Game seed: 6710805813523154372

14 FishyPogo the Grave Robber (level 2, -2/19 HPs)
             Began as a Vampire Necromancer on Aug 4, 2019.
             Slain by a hobgoblin
             ... wielding a +0 club
              (6 damage)
             ... on level 1 of the Dungeon.
             The game lasted 00:03:58 (329 turns).

FishyPogo the Grave Robber (Vampire Necromancer)     Turns: 329, Time: 00:03:59

Health: -2/19      AC:  2    Str:  7    XL:     2   Next: 27%
Magic:  1/5        EV: 12    Int: 17    God:
Gold:   31         SH:  0    Dex: 14    Spells: 3/5 levels left

rFire    . . .     SeeInvis +   e - +0 dagger
rCold    . . .     Gourm    .   (no shield)
rNeg     + . .     Faith    .   a - +0 robe
rPois    .         Spirit   .   (no helmet)
rElec    .         Reflect  .   (no cloak)
rCorr    .         Harm     .   (no gloves)
MR       .....                  (no boots)
Stlth    ++........             (no amulet)
HPRegen  0.06/turn              (no ring)
MPRegen  0.09/turn              (no ring)

@: no status effects
A: fangs 3, see invisible, unbreathing
a: no special abilities


You were on level 1 of the Dungeon.
You were not thirsty.

You visited 1 branch of the dungeon, and saw 1 of its levels.

You collected 31 gold pieces.

Inventory:

Hand Weapons
 e - a +0 dagger (weapon)
Armour
 a - a +0 robe (worn)
Scrolls
 d - 2 scrolls of remove curse {unknown}
 f - a scroll of immolation {unknown}
Potions
 b - 2 potions of curing {unknown}
 c - 6 potions of blood


   Skills:
 - Level 2.1 Dodging
 + Level 3.1 Stealth
 + Level 2.2 Spellcasting
 * Level 4.8 Necromancy


You had 3 spell levels left.
You knew the following spells:

 Your Spells              Type           Power        Failure   Level  Hunger
a - Pain                  Necr           ###.         2%          1    #......
b - Animate Skeleton      Necr           N/A          2%          1    #......

Your spell library contained the following spells:

 Spells                   Type           Power        Failure   Level  Hunger
 Vampiric Draining        Necr           ###.......   8%          3    ###....
 Regeneration             Chrm/Necr      ##........   21%         3    ###....
 Animate Dead             Necr           N/A          26%         4    #####..


Dungeon Overview and Level Annotations

Branches:
Dungeon (1/15)

Altars:


Innate Abilities, Weirdness & Mutations

You have razor-sharp teeth.
You have supernaturally acute eyesight. (SInv)
You can survive without breathing.


Message History

Your hobgoblin skeleton closely misses the giant cockroach.
The giant cockroach bites your hobgoblin skeleton.
Your hobgoblin skeleton is destroyed!
You closely miss the giant cockroach. The giant cockroach bites you.
The giant cockroach closely misses you.
You barely miss the giant cockroach. The giant cockroach bites you.
Casting: Animate Skeleton (safe; 2% risk of failure)
Confirm with . or Enter, or press ? or * to list all spells.
Aiming: Pain (safe; 2% risk of failure)
Press: ? - help, Shift-Dir - straight line, f/p - hobgoblin
Aim: a hobgoblin, wielding a +0 club (chance to defeat MR: 89%)
The giant cockroach writhes in agony.
The giant cockroach bites you but does no damage.
Casting: Pain (safe; 2% risk of failure)
Confirm with . or Enter, or press ? or * to list all spells.
Aiming: Pain (safe; 2% risk of failure)
Press: ? - help, Shift-Dir - straight line, f/p - hobgoblin
Aim: a hobgoblin, wielding a +0 club (chance to defeat MR: 89%)
The hobgoblin barely resists.
The hobgoblin hits you with a +0 club.
You die...

.......#...#.......# .##
#....##'##.....### ####.
.. #..............#
###..... #.
#######...####%# #...#
#.## #...# #.# ).## #..##
#...# ### #..#########..#
##...#
#..%..........#######....#
#.##########..sg@...#[%..#
#.# ###.####....#.######
>.# #................# ###
##.....>.##.####.#
#####.......##.# #.##
#..........###.####..## #
#..........#....##..... .
####'.......#....##..... #
..
#...#.......#....##.....


You could see a giant cockroach and a hobgoblin.

Vanquished Creatures
  2 leopard geckos (D:1)
  A giant cockroach (D:1)
  A goblin (D:1)
  A hobgoblin (D:1)
  3 bats (D:1)
  2 frilled lizards (D:1)
  A kobold (D:1)
11 creatures vanquished.

Vanquished Creatures (collateral kills)
  A bat (D:1)
1 creature vanquished.

Grand Total: 12 creatures vanquished

Notes
Turn   | Place    | Note
-------+----------+-------------------------------------------
     0 | D:1      | FishyPogo the Vampire Necromancer began the quest for the
                  | Orb.
     0 | D:1      | Reached XP level 1. HP: 13/13 MP: 3/3
    13 | D:1      | Learned a level 1 spell: Animate Skeleton
   163 | D:1      | Reached XP level 2. HP: 12/19 MP: 1/5
   329 | D:1      | Slain by a hobgoblin

Action                   || total
-------------------------++-------
Melee: Dagger            ||     4
 Cast: Pain              ||    19
       Animate Skeleton  ||     1
Armor: Robe              ||     1
Dodge: Dodged            ||     1
